| TOP OF THE 1ST |
|
Watertown Bucks batting - Pitching for Huron Cubs : RHP Charles Hudson
|
|
Pitching: RHP Charles Hudson
|
|
|
Batting: SHB Luis Rivera
|
0-0: Called Strike 0-1: Called Strike 0-2: Ball 1-2: Strikes out swinging
|
|
Batting: RHB Robert Tanzi
|
0-0: Ball 1-0: Called Strike 1-1: Ball 2-1: Foul Ball, location: 2F 2-2: Strikes out swinging
|
|
Batting: RHB Randy Hunt
|
0-0: Foul Ball, location: 2F 0-1: Ball 1-1: Foul Ball, location: 2F 1-2: Ball 2-2: Foul Ball, location: 2F 2-2: Foul Ball, location: 2F 2-2: Ball 3-2: Strikes out swinging
|
| Top of the 1st over - 0 runs, 0 hits, 0 errors, 0 left on base; Watertown 0 - Huron 0 |
| BOTTOM OF THE 1ST |
|
Huron Cubs batting - Pitching for Watertown Bucks : LHP William Demo
|
|
Pitching: LHP William Demo
|
|
|
Batting: RHB Ivan Calderon
|
0-0: Ball 1-0: Foul Ball, location: 2F 1-1: Swinging Strike 1-2: Foul Ball, location: 2F 1-2: Ground out 5-3 (Groundball, 56S, EV 89.4 MPH)
|
|
Batting: RHB Mike Stellern
|
0-0: Ball 1-0: Called Strike 1-1: Swinging Strike 1-2: Ball 2-2: Strikes out swinging
|
|
Batting: RHB Mark Carreon
|
0-0: Ball 1-0: Called Strike 1-1: Fly out, F7 (Line Drive, 7, EV 106.3 MPH)
|
| Bottom of the 1st over - 0 runs, 0 hits, 0 errors, 0 left on base; Watertown 0 - Huron 0 |
| TOP OF THE 2ND |
|
Watertown Bucks batting - Pitching for Huron Cubs : RHP Charles Hudson
|
|
Batting: LHB Bryan Neal
|
0-0: Ball 1-0: Foul Ball, location: 2F 1-1: SOLO HOME RUN (Flyball, 7D, EV 104.4 MPH), Distance : 367 ft
|
|
Batting: LHB Greg Guin
|
0-0: Swinging Strike 0-1: Foul Ball, location: 2F 0-2: Ball 1-2: Foul Ball, location: 2F 1-2: Reached via error on a dropped throw from 1B, E1 (Groundball, 34, EV 104.4 MPH)
|
|
Batting: RHB Eugene Cattane
|
0-0: Called Strike 0-1: SINGLE (Flyball, 5D, EV 83.1 MPH) Greg Guin to second
|
|
Batting: RHB Sebastiano Borriello
|
0-0: Foul Ball, location: 9LSF, Error on foul ball, E9 0-1: Fly out, F7 (Flyball, 7S, EV 90.0 MPH)
|
|
Batting: RHB Thomas Dimino
|
0-0: Called Strike 0-1: Ball 1-1: Ball 2-1: Fly out, F9 (Flyball, 9LM, EV 93.1 MPH)
|
|
Batting: LHB Carl Spikes
|
0-0: Ground out 2-3 (Groundball, 15S, EV 60.0 MPH)
|
| Top of the 2nd over - 1 run, 2 hits, 2 errors, 2 left on base; Watertown 1 - Huron 0 |
| BOTTOM OF THE 2ND |
|
Huron Cubs batting - Pitching for Watertown Bucks : LHP William Demo
|
|
Batting: RHB John Alvarez
|
0-0: Ground out 6-3 (Groundball, P, EV 87.5 MPH)
|
|
Batting: LHB Willis Gonzalez
|
0-0: Foul Ball, location: 2F 0-1: Foul Ball, location: 2F 0-2: Foul Ball, location: 2F 0-2: Ball 1-2: Ground out 4-3 (Groundball, 4, EV 103.1 MPH)
|
|
Batting: RHB Ray Ortega
|
0-0: Ball 1-0: Ball 2-0: Foul Ball, location: 2F 2-1: Foul Ball, location: 2F 2-2: Ball 3-2: Ground out 6-3 (Groundball, 6MD, EV 104.4 MPH)
|
| Bottom of the 2nd over - 0 runs, 0 hits, 0 errors, 0 left on base; Watertown 1 - Huron 0 |
| TOP OF THE 3RD |
|
Watertown Bucks batting - Pitching for Huron Cubs : RHP Charles Hudson
|
|
Batting: SHB Luis Rivera
|
0-0: Fly out, F8 (Line Drive, 8LM, EV 101.9 MPH)
|
|
Batting: RHB Robert Tanzi
|
0-0: Ball 1-0: Ground out 4-3 (Groundball, 4, EV 82.5 MPH)
|
|
Batting: RHB Randy Hunt
|
0-0: Swinging Strike 0-1: Swinging Strike 0-2: Ball 1-2: Ball 2-2: Ground out U3 (Groundball, 34, EV 101.9 MPH)
|
| Top of the 3rd over - 0 runs, 0 hits, 0 errors, 0 left on base; Watertown 1 - Huron 0 |
| BOTTOM OF THE 3RD |
|
Huron Cubs batting - Pitching for Watertown Bucks : LHP William Demo
|
|
Batting: RHB Phillip Wilson
|
0-0: Called Strike 0-1: Called Strike 0-2: Ball 1-2: Foul Ball, location: 2F 1-2: Foul Ball, location: 2F 1-2: Foul Ball, location: 2F 1-2: SINGLE (Line Drive, 8LS, EV 97.5 MPH)
|
|
Batting: SHB Chris Pittaro
|
0-0: Called Strike 0-1: Swinging Strike 0-2: Ball 1-2: Ball 2-2: Foul Ball, location: 2F 2-2: Foul Ball, location: 2F 2-2: Fielders Choice at 2nd, 6-4 (Groundball, 6, EV 89.4 MPH)
|
|
Batting: SHB Keith Smith
|
0-0: Ball 1-0: Foul Ball, location: 2F 1-1: Foul Ball, location: 2F 1-2: Ball 2-2: Ball 3-2: Strikes out swinging
|
|
Batting: RHB Ivan Calderon
|
0-0: Ball 1-0: Called Strike 1-1: Ball 2-1: Ball 3-1: Swinging Strike 3-2: DOUBLE (Line Drive, 7LM, EV 107.5 MPH) Chris Pittaro to third Chris Pittaro scores
|
|
Batting: RHB Mike Stellern
|
0-0: Ball 1-0: Swinging Strike 1-1: Ground out 1-3 (Groundball, 13, EV 65.0 MPH)
|
| Bottom of the 3rd over - 1 run, 2 hits, 0 errors, 1 left on base; Watertown 1 - Huron 1 |
| TOP OF THE 4TH |
|
Watertown Bucks batting - Pitching for Huron Cubs : RHP Charles Hudson
|
|
Batting: LHB Bryan Neal
|
0-0: Ball 1-0: Foul Ball, location: 2F 1-1: Ground out 3-1 (Groundball, 34, EV 110.6 MPH)
|
|
Batting: LHB Greg Guin
|
0-0: Foul Ball, location: 2F 0-1: Foul Ball, location: 2F 0-2: Foul Ball, location: 2F 0-2: Ball 1-2: Ball 2-2: Ground out 6-3 (Groundball, 6, EV 104.4 MPH)
|
|
Batting: RHB Eugene Cattane
|
0-0: Foul Ball, location: 2F 0-1: Called Strike 0-2: Ball 1-2: Ball 2-2: Strikes out swinging
|
| Top of the 4th over - 0 runs, 0 hits, 0 errors, 0 left on base; Watertown 1 - Huron 1 |
| BOTTOM OF THE 4TH |
|
Huron Cubs batting - Pitching for Watertown Bucks : LHP William Demo
|
|
Batting: RHB Mark Carreon
|
0-0: Called Strike 0-1: Ball 1-1: Ball 2-1: Foul Ball, location: 2F 2-2: SINGLE (Line Drive, 9LS, EV 106.3 MPH)
|
|
Batting: RHB John Alvarez
|
0-0: Called Strike 0-1: Ball 1-1: Swinging Strike 1-2: 2-RUN HOME RUN (Flyball, 9LD, EV 88.1 MPH), Distance : 365 ft
|
|
Batting: LHB Willis Gonzalez
|
0-0: Foul Ball, location: 2F 0-1: Foul Ball, location: 2F 0-2: Ground out 4-3 (Groundball, 4MD, EV 83.8 MPH)
|
|
Batting: RHB Ray Ortega
|
0-0: Ball 1-0: Called Strike 1-1: Fly out, F3 (Popup, 3SF, EV 75.6 MPH)
|
|
Batting: RHB Phillip Wilson
|
0-0: Ball 1-0: Ground out 5-3 (Groundball, 5, EV 77.5 MPH)
|
| Bottom of the 4th over - 2 runs, 2 hits, 0 errors, 0 left on base; Watertown 1 - Huron 3 |
| TOP OF THE 5TH |
|
Watertown Bucks batting - Pitching for Huron Cubs : RHP Charles Hudson
|
|
Batting: RHB Sebastiano Borriello
|
0-0: Ball 1-0: Called Strike 1-1: Ball 2-1: Foul Ball, location: 2F 2-2: Ball 3-2: Foul Ball, location: 2F 3-2: Strikes out swinging
|
|
Batting: RHB Thomas Dimino
|
0-0: Called Strike 0-1: Ball 1-1: Ball 2-1: Ball 3-1: Foul Ball, location: 2F 3-2: Ground out 4-3 (Groundball, 4, EV 85.6 MPH)
|
|
Batting: LHB Carl Spikes
|
0-0: Ground out U3 (Groundball, 3, EV 103.1 MPH)
|
| Top of the 5th over - 0 runs, 0 hits, 0 errors, 0 left on base; Watertown 1 - Huron 3 |
| BOTTOM OF THE 5TH |
|
Huron Cubs batting - Pitching for Watertown Bucks : LHP William Demo
|
|
Batting: SHB Chris Pittaro
|
0-0: Ball 1-0: Called Strike 1-1: Foul Ball, location: 2F 1-2: Ball 2-2: Foul Ball, location: 2F 2-2: Foul Ball, location: 2F 2-2: DOUBLE (Flyball, 8LXD, EV 100.6 MPH)
|
|
Batting: SHB Keith Smith
|
0-0: Bunted foul 0-1: Bunted foul 0-2: Ball 1-2: Ball 2-2: Strikes out swinging
|
|
Batting: RHB Ivan Calderon
|
0-0: Intentional Walk
|
|
Batting: RHB Mike Stellern
|
0-0: Foul Ball, location: 2F 0-1: Ball 1-1: Swinging Strike 1-2: Strikes out looking
|
|
Batting: RHB Mark Carreon
|
0-0: Swinging Strike 0-1: Called Strike 0-2: Ball 1-2: Ball 2-2: Foul Ball, location: 2F 2-2: Ball 3-2: Strikes out swinging
|
| Bottom of the 5th over - 0 runs, 1 hit, 0 errors, 2 left on base; Watertown 1 - Huron 3 |
| TOP OF THE 6TH |
|
Watertown Bucks batting - Pitching for Huron Cubs : RHP Charles Hudson
|
|
Batting: SHB Luis Rivera
|
0-0: Ball 1-0: Foul Ball, location: 2F 1-1: Ball 2-1: Ball 3-1: Swinging Strike 3-2: Strikes out swinging
|
|
Batting: RHB Robert Tanzi
|
0-0: Ball 1-0: Called Strike 1-1: Foul Ball, location: 2F 1-2: Ball 2-2: Fly out, F8 (Flyball, 8RXD, EV 98.1 MPH)
|
|
Batting: RHB Randy Hunt
|
0-0: Ball 1-0: Swinging Strike 1-1: Foul Ball, location: 2F 1-2: SINGLE (Line Drive, 78S, EV 106.9 MPH)
|
|
Batting: LHB Bryan Neal
|
0-0: Ball Wild Pitch! Randy Hunt to second 1-0: Ball 2-0: Called Strike 2-1: Fly out, F7 (Flyball, 7, EV 86.9 MPH)
|
| Top of the 6th over - 0 runs, 1 hit, 0 errors, 1 left on base; Watertown 1 - Huron 3 |
| BOTTOM OF THE 6TH |
|
Huron Cubs batting - Pitching for Watertown Bucks : LHP William Demo
|
|
Batting: RHB John Alvarez
|
0-0: Ball 1-0: Foul Ball, location: 2F 1-1: Foul Ball, location: 2F 1-2: Foul Ball, location: 2F 1-2: Fly out, F9 (Flyball, 9, EV 80.6 MPH)
|
|
Batting: LHB Willis Gonzalez
|
0-0: Fly out, F5 (Popup, 5S, EV 71.3 MPH)
|
|
Batting: RHB Ray Ortega
|
0-0: Ball 1-0: Swinging Strike 1-1: Foul Ball, location: 2F 1-2: Strikes out swinging
|
| Bottom of the 6th over - 0 runs, 0 hits, 0 errors, 0 left on base; Watertown 1 - Huron 3 |
| TOP OF THE 7TH |
|
Watertown Bucks batting - Pitching for Huron Cubs : RHP Charles Hudson
|
|
Batting: LHB Greg Guin
|
0-0: Ball 1-0: Ground out 5-3 (Groundball, 56, EV 86.9 MPH)
|
|
Batting: RHB Eugene Cattane
|
0-0: Ball 1-0: Ball 2-0: Ball 3-0: Called Strike 3-1: Ground out 4-3 (Groundball, 4, EV 84.4 MPH)
|
|
Batting: RHB Sebastiano Borriello
|
0-0: Called Strike 0-1: Ball 1-1: Called Strike 1-2: Ball 2-2: Foul Ball, location: 2F 2-2: Strikes out swinging
|
| Top of the 7th over - 0 runs, 0 hits, 0 errors, 0 left on base; Watertown 1 - Huron 3 |
| BOTTOM OF THE 7TH |
|
Huron Cubs batting - Pitching for Watertown Bucks : LHP William Demo
|
|
Batting: RHB Phillip Wilson
|
0-0: Ball 1-0: Fly out, F7 (Flyball, 7, EV 97.5 MPH)
|
|
Batting: SHB Chris Pittaro
|
0-0: Called Strike 0-1: Foul Ball, location: 2F 0-2: Foul Ball, location: 2F 0-2: Strikes out swinging
|
|
Batting: SHB Keith Smith
|
0-0: Ball 1-0: SINGLE (Groundball, 6S, EV 73.8 MPH) (infield hit)
|
|
Batting: RHB Ivan Calderon
|
0-0: Ball 1-0: Ball 2-0: Ball 3-0: Base on Balls Keith Smith to second
|
|
Batting: RHB Mike Stellern
|
0-0: Called Strike 0-1: Fly out, F9 (Flyball, 9LM, EV 94.4 MPH)
|
| Bottom of the 7th over - 0 runs, 1 hit, 0 errors, 2 left on base; Watertown 1 - Huron 3 |
| TOP OF THE 8TH |
|
Watertown Bucks batting - Pitching for Huron Cubs : RHP Charles Hudson
|
|
Batting: RHB Thomas Dimino
|
0-0: Foul Ball, location: 2F 0-1: SINGLE (Groundball, 56D, EV 98.1 MPH)
|
|
Batting: LHB Carl Spikes
|
0-0: Foul Ball, location: 2F 0-1: Ball 1-1: Ball 2-1: 2-RUN HOME RUN (Flyball, 89XD, EV 87.5 MPH), Distance : 384 ft
|
|
Batting: SHB Luis Rivera
|
0-0: Called Strike 0-1: Foul Ball, location: 2F 0-2: Foul Ball, location: 2F 0-2: Ball 1-2: Ball 2-2: Ball 3-2: Fly out, F9 (Flyball, 9, EV 88.1 MPH)
|
|
Batting: RHB Robert Tanzi
|
0-0: Ball 1-0: Foul Ball, location: 2F 1-1: Called Strike 1-2: Ball 2-2: Foul Ball, location: 2F 2-2: Ball 3-2: SINGLE (Line Drive, 8RS, EV 112.5 MPH)
|
|
Batting: RHB Randy Hunt
|
0-0: Fly out, F3 (Popup, 3F, EV 79.4 MPH)
|
|
Batting: LHB Bryan Neal
|
0-0: SINGLE (Groundball, 56D, EV 101.3 MPH) Robert Tanzi to second Runner from 2nd tries for 3rd, SAFE, throw by LF made to third
|
|
Batting: LHB Greg Guin
|
0-0: Ball 1-0: Called Strike 1-1: Called Strike 1-2: Ball 2-2: SINGLE (Line Drive, 3, EV 74.4 MPH) (infield hit) Robert Tanzi scores Bryan Neal to second
|
|
Pinch Runner at 2nd Bruce Hines:
|
|
|
Batting: RHB Eugene Cattane
|
0-0: Called Strike 0-1: Ball 1-1: Called Strike 1-2: Foul Ball, location: 2F 1-2: Foul Ball, location: 2F 1-2: Ball 2-2: Ball 3-2: Foul Ball, location: 2F 3-2: Strikes out looking
|
| Top of the 8th over - 3 runs, 5 hits, 0 errors, 2 left on base; Watertown 4 - Huron 3 |
| BOTTOM OF THE 8TH |
|
Huron Cubs batting - Pitching for Watertown Bucks : LHP William Demo
|
|
Now in LF: Richard Plautz
|
|
|
Batting: RHB Mark Carreon
|
0-0: Ball 1-0: Ball 2-0: Ground out 4-3 (Groundball, 34S, EV 86.9 MPH)
|
|
Batting: RHB John Alvarez
|
0-0: Ball 1-0: Ball 2-0: Fly out, F7 (Flyball, 78S, EV 90.6 MPH)
|
|
Batting: LHB Willis Gonzalez
|
0-0: Called Strike 0-1: SINGLE (Line Drive, 78M, EV 100.0 MPH)
|
|
Batting: RHB Ray Ortega
|
0-0: Ball 1-0: Ball 2-0: Called Strike 2-1: Fly out, F9 (Flyball, 9S, EV 90.6 MPH)
|
| Bottom of the 8th over - 0 runs, 1 hit, 0 errors, 1 left on base; Watertown 4 - Huron 3 |
| TOP OF THE 9TH |
|
Watertown Bucks batting - Pitching for Huron Cubs : RHP Charles Hudson
|
|
Batting: RHB Sebastiano Borriello
|
0-0: Swinging Strike 0-1: Ball 1-1: Ball 2-1: SINGLE (Flyball, 8RS, EV 92.5 MPH)
|
|
Batting: RHB Thomas Dimino
|
0-0: Bunted foul 0-1: Bunt - Flyout to P! F1
|
|
Batting: LHB Carl Spikes
|
0-0: Ball 1-0: Fly out, F7 (Flyball, 7, EV 85.6 MPH)
|
|
Batting: SHB Luis Rivera
|
0-0: Ball 1-0: Ball 2-0: Ball 3-0: Called Strike 3-1: Foul Ball, location: 2F 3-2: Reached on error, E7 (Flyball, 7D, EV 80.0 MPH) Sebastiano Borriello to third
|
|
Batting: RHB Robert Tanzi
|
0-0: Swinging Strike 0-1: Ball 1-1: Ball 2-1: Ball 3-1: Swinging Strike 3-2: SINGLE (Flyball, 89S, EV 92.5 MPH) Sebastiano Borriello scores Luis Rivera to third Luis Rivera scores
|
|
Pitching: RHP Rich Carlucci
|
|
|
Batting: RHB Randy Hunt
|
0-0: Ball Robert Tanzi steals 2nd base 1-0: Foul Ball, location: 2F 1-1: Foul Ball, location: 2F 1-2: Strikes out swinging
|
| Top of the 9th over - 2 runs, 2 hits, 1 error, 1 left on base; Watertown 6 - Huron 3 |
| BOTTOM OF THE 9TH |
|
Huron Cubs batting - Pitching for Watertown Bucks : LHP William Demo
|
|
Batting: RHB Phillip Wilson
|
0-0: Called Strike 0-1: Foul Ball, location: 2F 0-2: Ground out 5-3 (Groundball, 5L, EV 104.4 MPH)
|
|
Pitching: LHP Kenneth Likewise
|
|
|
Batting: SHB Chris Pittaro
|
0-0: Ground out 5-3 (Groundball, 56, EV 81.3 MPH)
|
|
Batting: SHB Keith Smith
|
0-0: Called Strike 0-1: Fly out, F8 (Flyball, 89D, EV 81.9 MPH)
|
| Bottom of the 9th over - 0 runs, 0 hits, 0 errors, 0 left on base; Watertown 6 - Huron 3 |
|